 Dungeon Crawl Stone Soup version 0.23-a0-344-ge122d05 (webtiles) character file.

287 MisterFreud the Sneak (level 6, 0/25 HPs)
             Began as a Felid Artificer on Oct 19, 2018.
             Was a Believer of Uskayaw.
             Slain by an ice beast (11 damage)
             ... on level 5 of the Dungeon.
             The game lasted 00:12:38 (6463 turns).

MisterFreud the Sneak (Felid Artificer)             Turns: 6463, Time: 00:12:39

Health: 0/25       AC:  2    Str: 10    XL:     6   Next: 8%
Magic:  9/9        EV: 18    Int: 12    God:    Uskayaw [**....]
Gold:   320        SH:  0    Dex: 17    Spells: 5/5 levels left
                                        Lives:  0   Deaths: 1

rFire    . . .     SeeInvis +     - Unarmed
rCold    . . .     Gourm    .   (shield unavailable)
rNeg     + . .     Faith    .   (armour unavailable)
rPois    .         Spirit   .   (helmet unavailable)
rElec    .         Reflect  .   (cloak unavailable)
rCorr    .         Harm     .   (gloves unavailable)
MR       .....                  (boots unavailable)
Stlth    ++++......             r - amulet of regeneration
HPRegen  0.48/turn              l - ring of positive energy
MPRegen  0.11/turn              (no ring)

@: quick
A: very small, no armour, no weapons or thrown items, stealth, claws 1, fangs 3,
see invisible, carnivore, speed 1, shaggy fur 2, slow metabolism 1, sharp paws
a: Stomp, Line Pass, Renounce Religion


You were on level 5 of the Dungeon.
You worshipped Uskayaw.
Uskayaw was noncommittal.
You were full.

You visited 2 branches of the dungeon, and saw 6 of its levels.

You collected 320 gold pieces.

Inventory:

Jewellery
 h - an uncursed amulet of rage
 l - a ring of positive energy (left paw)
 r - an amulet of regeneration (around neck)
Wands
 a - a wand of flame (6)
 b - a wand of enslavement (10)
 c - a wand of random effects (9)
 s - a wand of disintegration (8)
Scrolls
 f - a scroll of fog
 i - 2 scrolls of remove curse
 j - 2 scrolls of teleportation
 m - 2 scrolls of immolation
 o - 2 scrolls of blinking
 p - a scroll of magic mapping
Potions
 e - 3 potions of mutation
 n - 2 potions of flight
 q - a potion of magic
Comestibles
 d - 7 rations


   Skills:
 - Level 1.0 Fighting
 - Level 2.6 Dodging
 - Level 6.1 Stealth
 + Level 5.6 Unarmed Combat
 - Level 3.2 Evocations


You had 5 spell levels left.
You didn't know any spells.
Your spell library was empty.

Dungeon Overview and Level Annotations

Branches:
Dungeon (5/15)             Temple (1/1) D:4

Altars:
Ashenzari
Dithmenos
Fedhas
Hepliaklqana
Makhleb
Qazlal
Ru
Trog
Uskayaw
Vehumet
Wu Jian
Zin
The Shining One

Shops:
D:4 =

Annotations:
D:4 1 runed door, Nr616's ghost, amateur GrFi


Innate Abilities, Weirdness & Mutations

You cannot wear armour.
You are incapable of wielding weapons or throwing items.
Your paws allow you to move quietly. (Stealth)
You have sharp claws.
You have razor-sharp teeth.
You have supernaturally acute eyesight. (SInv)
You are carnivorous and can eat meat at any time.
You cover ground quickly.
You are covered in thick fur. (AC +2)
You have a slow metabolism.
Your sharp claws are effective at attacking unaware monsters.


Message History

The ice beast is severely wounded.
The ice beast misses you.
You scratch the ice beast but do no damage.
The ice beast is severely wounded.
You scratch the ice beast. Your bite misses the ice beast.
The ice beast is almost dead.
The ice beast barely misses you.
You scratch the ice beast but do no damage.
The ice beast is almost dead.
The ice beast completely misses you.
You closely miss the ice beast.
The ice beast is almost dead.
The ice beast hits you. The ice beast freezes you.
You closely miss the ice beast.
The ice beast is almost dead.
The ice beast misses you.
You completely miss the ice beast.
The ice beast is severely wounded.
The ice beast hits you. The ice beast freezes you!
You die...

#. #....>.. #
#.#####. #.###...
######....... ###
##......##..## ...
.#......##..# # #.#
.#.......>..# #.##.#
.#......###.# #.%Y@#
.#......###.##
#.##.##.######..)..##
#.##.......# #####.##
#.....%.#### #.##
#######%# #.## #.#
##### #.##
##.###...#######...
#.#......#.......##
##.###.>.#.#####)#


You could see an ice beast.

Vanquished Creatures
  A centaur (D:5)
  A scorpion (D:5)
  A bullfrog zombie (D:5)
  An orc priest (D:4)
  Crazy Yiuf (D:4)
  An iguana (D:5)
  2 worker ants
  3 adders
  2 dart slugs
  4 worms
  4 leopard geckos
  14 orcs
  A ball python (D:1)
  7 giant cockroaches
  5 hobgoblins
  5 jackals
  A quokka (D:2)
  A ball python skeleton (D:4)
  12 bats
  2 frilled lizards (D:1)
  8 goblins
  10 kobolds
  9 rats
96 creatures vanquished.

Notes
Turn   | Place    | Note
-------+----------+-------------------------------------------
     0 | D:1      | MisterFreud the Felid Artificer began the quest for the
                  | Orb.
     0 | D:1      | Reached XP level 1. HP: 9/9 MP: 4/4
    85 | D:1      | Reached skill level 2 in Stealth
   153 | D:1      | Reached skill level 3 in Stealth
   153 | D:1      | Reached XP level 2. HP: 5/12 MP: 5/5
   509 | D:1      | Reached skill level 4 in Stealth
   995 | D:1      | Reached XP level 3. HP: 14/15 MP: 6/6
  1949 | D:2      | Reached skill level 5 in Stealth
  3060 | D:3      | Reached XP level 4. HP: 2/19 MP: 7/7
  3359 | D:3      | Reached skill level 6 in Stealth
  4289 | D:3      | Found a shattered altar of Ashenzari.
  4290 | D:3      | Found a glowing golden altar of the Shining One.
  4870 | D:4      | Found a runed door.
  4871 | D:4      | Noticed Nr616's ghost (amateur GrFi)
  5009 | D:4      | Found Cewoarinia's Jewellery Shop.
  5286 | D:4      | Found a runed door.
  5290 | D:4      | Noticed Crazy Yiuf
  5355 | D:4      | Found a staircase to the Ecumenical Temple.
  5371 | D:4      | Reached XP level 5. HP: 16/22 MP: 8/8
  5378 | Temple   | Entered the Ecumenical Temple
  5386 | Temple   | Became a worshipper of Uskayaw the Reveler
  5524 | D:4      | Reached * piety under Uskayaw
  5526 | D:4      | Reached ** piety under Uskayaw
  5527 | D:4      | Killed Crazy Yiuf
  5749 | D:4      | Found a hazy altar of Hepliaklqana.
  5756 | D:4      | Found a stormy altar of Qazlal.
  5876 | D:4      | Reached *** piety under Uskayaw
  5895 | D:5      | Entered Level 5 of the Dungeon
  6120 | D:5      | Found a shadowy altar of Dithmenos.
  6161 | D:5      | Gained mutation: You are covered in thick fur. (AC +2)
                  | [Felid growth]
  6161 | D:5      | Reached XP level 6. HP: 25/25 MP: 9/9
  6320 | D:5      | Slain by a centaur
  6321 | D:5      | Reached XP level 5. HP: 0/22 MP: 8/8
  6416 | D:5      | Killed a centaur
  6416 | D:5      | Reached skill level 5 in Unarmed Combat
  6417 | D:5      | Noticed an ice beast
  6440 | D:5      | Reached XP level 6. HP: 18/25 MP: 9/9
  6463 | D:5      | Slain by an ice beast

Vault maps used:
D:1:      lemuel_arrival_cross
D:3:      gammafunk_temple_overflow_statue, first_ration
D:4:      amethyst_overflow_temple_binary, minmay_temple_entry_statues_pillars,
          serial_shops, shop, ebering_ghost_reflecting_pool,
          uniq_crazy_yiuf_cottage
D:5:      nicolae_dithmenos_shadow_blocks, serial_shops, shop, chequers_jeans
Temple:   eino_narrow_crystal_temple

Skill      XL: |  1  2  3  4  5 |
---------------+----------------+-----
Stealth        | 3 4 5 6 |  6.1
Unarmed Combat | 2 5 |  5.6
Fighting       | |  1.0
Dodging        | |  2.6
Evocations     | |  3.2

Action                   |  1- 3 |  4- 6 || total
-------------------------+-------+-------++-------
Melee: Unarmed           |   162 |   173 ||   335
       Bite              |    14 |    15 ||    29
       Punch             |     1 |     1 ||     2
Evoke: Wand              |     9 |    14 ||    23
  Use: Scroll            |     8 |     7 ||    15
       Potion            |     1 |     4 ||     5
 Stab: Sleeping          |     9 |    11 ||    20
       Paralysed         |       |     1 ||     1
  Eat: Chunk             |    11 |    10 ||    21
Armor: Skin              |     8 |     7 ||    15
Dodge: Dodged            |   116 |   112 ||   228

Table legend:
 A = Non-vault XP
 B = Vault XP
 C = Vault XP percentage of total XP
 D = Non-vault monster count
 E = Vault monster count
 F = Vault count percentage of total count
                 A         B        C        D         E       F
            +---------+---------+-------+---------+---------+-------
      Total |     600 |      40 |   6.2 |      95 |       1 |   1.0
            +---------+---------+-------+---------+---------+-------
        D:1 |      50 |       0 |   0.0 |      29 |       0 |   0.0
        D:2 |      46 |       0 |   0.0 |      20 |       0 |   0.0
        D:3 |      63 |       0 |   0.0 |      22 |       0 |   0.0
        D:4 |     106 |      40 |  27.4 |      10 |       1 |   9.1
        D:5 |     335 |       0 |   0.0 |      14 |       0 |   0.0
            +---------+---------+-------+---------+---------+-------
